AAA WEST
OKLAHOMA CITY DODGERS @ TACOMA RAINIERS
09/13/2041
 
TOP OF THE 1ST
Oklahoma City Dodgers batting - Pitching for Tacoma Rainiers : RHP Bob Huff
Pitching: RHP Bob Huff
Batting: LHB Gilberto Hernández 0-0: Foul Ball, location: 2F
0-1: Called Strike
0-2: Ball
1-2: Ball
2-2: Ground out 6-3 (Groundball, 6, EV 92.5 MPH)
Batting: RHB Oliver Gallego 0-0: Fly out, F8 (Line Drive, 8RM, EV 96.9 MPH)
Batting: LHB Bob Hamilton 0-0: Foul Ball, location: 9LMF
0-1: Ball
1-1: Foul Ball, location: 7LDF
1-2: Foul Ball, location: 7LMF
1-2: Fly out, F7 (Flyball, 78M, EV 90.6 MPH)
Top of the 1st over - 0 runs, 0 hits, 0 errors, 0 left on base; Oklahoma City 0 - Tacoma 0
BOTTOM OF THE 1ST
Tacoma Rainiers batting - Pitching for Oklahoma City Dodgers : RHP Lou Fitzpatrick
Pitching: RHP Lou Fitzpatrick
Batting: RHB Albert Rodríguez 0-0: Ball
1-0: SINGLE (Groundball, 56D, EV 85.6 MPH) (infield hit)
Batting: LHB José Barrón 0-0: Foul Ball, location: 3FF
0-1: Called Strike
0-2: Ball
1-2: Foul Ball, location: 2F
1-2: Fielders Choice at 2nd, 3-6 (Groundball, 3, EV 104.4 MPH)
Batting: LHB Dave Day 0-0: Called Strike
0-1: Ball
1-1: Foul Ball, location: 5SF
1-2: Strikes out swinging
Batting: RHB Rusty Smith 0-0: Ball
1-0: Fly out, F7 (Line Drive, 78M, EV 88.8 MPH)
Bottom of the 1st over - 0 runs, 1 hit, 0 errors, 1 left on base; Oklahoma City 0 - Tacoma 0
TOP OF THE 2ND
Oklahoma City Dodgers batting - Pitching for Tacoma Rainiers : RHP Bob Huff
Batting: SHB Tony Otero 0-0: Foul Ball, location: 2F
0-1: Foul Ball, location: 2F
0-2: Strikes out swinging
Batting: RHB Chad Snow 0-0: Called Strike
0-1: Called Strike
0-2: Fly out, F5 (Popup, 25F, EV 87.5 MPH)
Batting: RHB Josh Dixon 0-0: Foul Ball, location: 2F
0-1: Ball
1-1: Called Strike
1-2: Ball
2-2: Ball
3-2: Base on Balls
Batting: RHB Bruno Fowler 0-0: Ball
1-0: Fly out, F9 (Line Drive, 89M, EV 83.1 MPH)
Top of the 2nd over - 0 runs, 0 hits, 0 errors, 1 left on base; Oklahoma City 0 - Tacoma 0
BOTTOM OF THE 2ND
Tacoma Rainiers batting - Pitching for Oklahoma City Dodgers : RHP Lou Fitzpatrick
Batting: RHB Víctor Hernández 0-0: Called Strike
0-1: Foul Ball, location: 5DF
0-2: Foul Ball, location: 2F
0-2: SINGLE (Groundball, 6MD, EV 96.3 MPH)
Batting: LHB Elijah Malone 0-0: Bunt missed!
0-1: Sac Bunt to 13 - play at second, runner OUT! 1-6
Batting: RHB Theron Scott 0-0: Foul Ball, location: 9LMF
0-1: Ball
1-1: Hit by Pitch
Elijah Malone to second
Batting: RHB José Rentería 0-0: Swinging Strike
0-1: Swinging Strike
0-2: Ball
1-2: Ball
2-2: Ball
3-2: Base on Balls
Elijah Malone to third
Theron Scott to second
Batting: RHB Raúl Zamora 0-0: Ball
1-0: Foul Ball, location: 2F
1-1: Called Strike
1-2: Foul Ball, location: 9LMF
1-2: Grounds into double play, 4-6-3 (Groundball, 4, EV 81.9 MPH)
Bottom of the 2nd over - 0 runs, 1 hit, 0 errors, 2 left on base; Oklahoma City 0 - Tacoma 0
TOP OF THE 3RD
Oklahoma City Dodgers batting - Pitching for Tacoma Rainiers : RHP Bob Huff
Batting: RHB Jonathan Robinson 0-0: Ball
1-0: Foul Ball, location: 5SF
1-1: Called Strike
1-2: Ball
2-2: Foul Ball, location: 2F
2-2: Ground out 4-3 (Groundball, 4, EV 100.6 MPH)
Batting: RHB Jesús Rodríguez 0-0: Ball
1-0: Foul Ball, location: 2F
1-1: Swinging Strike
1-2: Strikes out looking
Batting: LHB Gilberto Hernández 0-0: Ball
1-0: Ball
2-0: Ball
3-0: Base on Balls
Batting: RHB Oliver Gallego 0-0: Ball
1-0: Ground out U3 (Groundball, 3, EV 82.5 MPH)
Top of the 3rd over - 0 runs, 0 hits, 0 errors, 1 left on base; Oklahoma City 0 - Tacoma 0
BOTTOM OF THE 3RD
Tacoma Rainiers batting - Pitching for Oklahoma City Dodgers : RHP Lou Fitzpatrick
Batting: RHB Albert Rodríguez 0-0: Bunt missed!
0-1: Foul Ball, location: 5F
0-2: Strikes out swinging
Batting: LHB José Barrón 0-0: Ball
1-0: Called Strike
1-1: Called Strike
1-2: Ground out 4-3 (Groundball, 4, EV 80.6 MPH)
Batting: LHB Dave Day 0-0: Ball
1-0: Called Strike
1-1: Ball
2-1: Swinging Strike
2-2: Foul Ball, location: 9LMF
2-2: Strikes out looking
Bottom of the 3rd over - 0 runs, 0 hits, 0 errors, 0 left on base; Oklahoma City 0 - Tacoma 0
TOP OF THE 4TH
Oklahoma City Dodgers batting - Pitching for Tacoma Rainiers : RHP Bob Huff
Batting: LHB Bob Hamilton 0-0: DOUBLE (Line Drive, 9D, EV 109.4 MPH)
Batting: SHB Tony Otero 0-0: Ball
1-0: Called Strike
1-1: Ball
2-1: Called Strike
2-2: Ball
3-2: Base on Balls
Batting: RHB Chad Snow 0-0: Ball
1-0: Ball
2-0: Ball
3-0: Called Strike
3-1: Fly out, F2 (Popup, 2RF, EV 93.1 MPH)
Batting: RHB Josh Dixon 0-0: Ball
1-0: Ball
2-0: Foul Ball, location: 3F
2-1: Ball
3-1: Called Strike
3-2: Base on Balls
Bob Hamilton to third
Tony Otero to second
Batting: RHB Bruno Fowler 0-0: Foul Ball, location: 9LMF
0-1: Ball
1-1: Fly out, F9 (Line Drive, 9S, EV 90.0 MPH)
Batting: RHB Jonathan Robinson 0-0: Called Strike
0-1: Ball
1-1: Called Strike
1-2: Foul Ball, location: 9LMFF
1-2: Ball
2-2: Ground out U3 (Groundball, 23, EV 78.1 MPH)
Top of the 4th over - 0 runs, 1 hit, 0 errors, 3 left on base; Oklahoma City 0 - Tacoma 0
BOTTOM OF THE 4TH
Tacoma Rainiers batting - Pitching for Oklahoma City Dodgers : RHP Lou Fitzpatrick
Batting: RHB Rusty Smith 0-0: Ball
1-0: Ground out 2-3 (Groundball, 15S, EV 68.8 MPH)
Batting: RHB Víctor Hernández 0-0: Ball
1-0: Swinging Strike
1-1: Foul Ball, location: 2F
1-2: Ball
2-2: Strikes out looking
Batting: LHB Elijah Malone 0-0: Called Strike
0-1: Foul Ball, location: 3FF
0-2: Ball
1-2: Strikes out looking
Bottom of the 4th over - 0 runs, 0 hits, 0 errors, 0 left on base; Oklahoma City 0 - Tacoma 0
TOP OF THE 5TH
Oklahoma City Dodgers batting - Pitching for Tacoma Rainiers : RHP Bob Huff
Batting: RHB Jesús Rodríguez 0-0: Ball
1-0: Foul Ball, location: 9LSF
1-1: Ball
2-1: Foul Ball, location: 5F
2-2: Strikes out looking
Batting: LHB Gilberto Hernández 0-0: Ball
1-0: Fly out, F7 (Flyball, 7, EV 85.6 MPH)
Batting: RHB Oliver Gallego 0-0: Ball
1-0: Ball
2-0: DOUBLE (Groundball, 3L, EV 105.0 MPH)
Batting: LHB Bob Hamilton 0-0: Called Strike
0-1: Ball
1-1: Ball
2-1: Foul Ball, location: 3F
2-2: Fly out, F7 (Flyball, 7S, EV 87.5 MPH)
Top of the 5th over - 0 runs, 1 hit, 0 errors, 1 left on base; Oklahoma City 0 - Tacoma 0
BOTTOM OF THE 5TH
Tacoma Rainiers batting - Pitching for Oklahoma City Dodgers : RHP Lou Fitzpatrick
Batting: RHB Theron Scott 0-0: Called Strike
0-1: Ball
1-1: Called Strike
1-2: Ball
2-2: Foul Ball, location: 25FF
2-2: Ground out 6-3 (Groundball, 6, EV 80.0 MPH)
Batting: RHB José Rentería 0-0: Fly out, F5 (Popup, 56S, EV 72.5 MPH)
Batting: RHB Raúl Zamora 0-0: Called Strike
0-1: Swinging Strike
0-2: Foul Ball, location: 3SF
0-2: Ball
1-2: Ball
2-2: Foul Ball, location: 5F
2-2: Ball
3-2: SINGLE (Groundball, 6MD, EV 80.6 MPH)
Batting: RHB Albert Rodríguez 0-0: Ball
1-0: Called Strike
1-1: Foul Ball, location: 2LF
1-2: Foul Ball, location: 9LSF
1-2: SINGLE (Groundball, 4M, EV 91.3 MPH)
Raúl Zamora to second
Batting: LHB José Barrón 0-0: Ball
1-0: Called Strike
1-1: Ground out U3 (Groundball, 34S, EV 81.3 MPH)
Bottom of the 5th over - 0 runs, 2 hits, 0 errors, 2 left on base; Oklahoma City 0 - Tacoma 0
TOP OF THE 6TH
Oklahoma City Dodgers batting - Pitching for Tacoma Rainiers : RHP Bob Huff
Batting: SHB Tony Otero 0-0: Ground out 3-1 (Groundball, 13, EV 83.8 MPH)
Batting: RHB Chad Snow 0-0: DOUBLE (Line Drive, 89XD, EV 110.6 MPH)
Batting: RHB Josh Dixon 0-0: Ball
1-0: Ball
2-0: Called Strike
2-1: Ball
3-1: Base on Balls
Batting: RHB Bruno Fowler 0-0: Ball
1-0: Ball
2-0: Grounds into double play, U5-3 (Groundball, 5L, EV 81.3 MPH)
Top of the 6th over - 0 runs, 1 hit, 0 errors, 1 left on base; Oklahoma City 0 - Tacoma 0
BOTTOM OF THE 6TH
Tacoma Rainiers batting - Pitching for Oklahoma City Dodgers : RHP Lou Fitzpatrick
Batting: LHB Dave Day 0-0: Called Strike
0-1: Foul Ball, location: 25FF
0-2: Strikes out swinging
Batting: RHB Rusty Smith 0-0: Foul Ball, location: 9LMF
0-1: Swinging Strike
0-2: Foul Ball, location: 2F
0-2: Ball
1-2: Ball
2-2: Ball
3-2: Strikes out swinging
Batting: RHB Víctor Hernández 0-0: Ball
1-0: Ball
2-0: Called Strike
2-1: Fly out, F8 (Flyball, 8RS, EV 85.6 MPH)
Bottom of the 6th over - 0 runs, 0 hits, 0 errors, 0 left on base; Oklahoma City 0 - Tacoma 0
TOP OF THE 7TH
Oklahoma City Dodgers batting - Pitching for Tacoma Rainiers : RHP Bob Huff
Batting: RHB Jonathan Robinson 0-0: Ball
1-0: SINGLE (Line Drive, 8LS, EV 107.5 MPH)
Batting: RHB Jesús Rodríguez 0-0: Ball
1-0: Ball
2-0: Ball
3-0: Base on Balls
Jonathan Robinson to second
Batting: LHB Gilberto Hernández 0-0: Ball
1-0: Called Strike
1-1: Ball
2-1: Ball
3-1: Called Strike
3-2: Base on Balls
Jonathan Robinson to third
Jesús Rodríguez to second
Batting: RHB Oliver Gallego 0-0: Foul Ball, location: 3F
0-1: Ball
1-1: Ball
2-1: Foul Ball, location: 23F
2-2: Strikes out looking
Batting: LHB Bob Hamilton 0-0: Called Strike
0-1: Ball
1-1: Foul Ball, location: 2F
1-2: Grounds into fielders choice 3-2 (Groundball, 34, EV 86.3 MPH)
Jesús Rodríguez to third
Gilberto Hernández to second
Batting: SHB Tony Otero 0-0: Ball
1-0: Ground out 4-3 (Groundball, 4, EV 110.0 MPH)
Top of the 7th over - 0 runs, 1 hit, 0 errors, 3 left on base; Oklahoma City 0 - Tacoma 0
BOTTOM OF THE 7TH
Tacoma Rainiers batting - Pitching for Oklahoma City Dodgers : RHP Lou Fitzpatrick
Batting: LHB Elijah Malone 0-0: Ball
1-0: Ball
2-0: Swinging Strike
2-1: Called Strike
2-2: Foul Ball, location: 7LSF
2-2: Ball
3-2: Foul Ball, location: 7LSF
3-2: Strikes out swinging
Pitching: RHP Albert Ortíz
Batting: RHB Theron Scott 0-0: Foul Ball, location: 2RF
0-1: Swinging Strike
0-2: Foul Ball, location: 2F
0-2: Foul Ball, location: 25F
0-2: Foul Ball, location: 9LSF
0-2: Foul Ball, location: 2F
0-2: Ball
1-2: Ball
2-2: Foul Ball, location: 5FF
2-2: Ball
3-2: Base on Balls
Batting: RHB José Rentería Pickoff Throw to First - Out! 1-3
0-0: Called Strike
0-1: Fly out, F6 (Popup, 6, EV 66.3 MPH)
Bottom of the 7th over - 0 runs, 0 hits, 0 errors, 0 left on base; Oklahoma City 0 - Tacoma 0
TOP OF THE 8TH
Oklahoma City Dodgers batting - Pitching for Tacoma Rainiers : RHP Bob Huff
Pinch Hitting: SHB Geoffrey Hurt 0-0: Called Strike
0-1: Fly out, F8 (Flyball, 8LM, EV 88.8 MPH)
Pitching: RHP Giuseppe Psaquale
Batting: RHB Josh Dixon 0-0: Called Strike
0-1: Ball
1-1: Ball
2-1: Ball
3-1: Base on Balls
Batting: SHB Jim Harris 0-0: Ground out 4-3 (Groundball, 34, EV 101.3 MPH)
Josh Dixon to second
Pinch Hitting: LHB Orlando Aponte 0-0: Ball
1-0: Ball
2-0: Ground out 5-3 (Groundball, 5, EV 92.5 MPH)
Top of the 8th over - 0 runs, 0 hits, 0 errors, 1 left on base; Oklahoma City 0 - Tacoma 0
BOTTOM OF THE 8TH
Tacoma Rainiers batting - Pitching for Oklahoma City Dodgers : RHP Albert Ortíz
Now at 1B: Steve Kent
Now at 3B: Orlando Aponte
Batting: RHB Raúl Zamora 0-0: Ball
1-0: Called Strike
1-1: Foul Ball, location: 9LSF
1-2: Strikes out swinging
Batting: RHB Albert Rodríguez 0-0: Ball
1-0: Fly out, F9 (Flyball, 9LM, EV 98.1 MPH)
Batting: LHB José Barrón 0-0: Foul Ball, location: 5SF
0-1: Ball
1-1: Ball
2-1: Ground out U3 (Groundball, 34S, EV 87.5 MPH)
Bottom of the 8th over - 0 runs, 0 hits, 0 errors, 0 left on base; Oklahoma City 0 - Tacoma 0
TOP OF THE 9TH
Oklahoma City Dodgers batting - Pitching for Tacoma Rainiers : RHP Giuseppe Psaquale
Pinch Hitting: LHB Kieran Wright 0-0: Fly out, F7 (Flyball, 78M, EV 88.8 MPH)
Batting: LHB Gilberto Hernández 0-0: Called Strike
0-1: Foul Ball, location: 2F
0-2: Strikes out swinging
Batting: RHB Oliver Gallego 0-0: Foul Ball, location: 9LMF
0-1: Fly out, F4 (Popup, 23, EV 83.1 MPH)
Top of the 9th over - 0 runs, 0 hits, 0 errors, 0 left on base; Oklahoma City 0 - Tacoma 0
BOTTOM OF THE 9TH
Tacoma Rainiers batting - Pitching for Oklahoma City Dodgers : RHP Albert Ortíz
Now at C: Jorge Sierra
Batting: LHB Dave Day 0-0: Called Strike
0-1: SOLO HOME RUN (Flyball, 9LD, EV 89.4 MPH), Distance : 341 ft
Bottom of the 9th over - 1 run, 1 hit, 0 errors, 0 left on base; Oklahoma City 0 - Tacoma 1
Monday, April 1st , 2024 - OOTP Baseball 24.10 Build 82